 Dungeon Crawl Stone Soup version 0.28.0-43-g3370ac3207 (webtiles) character file.

Game seed: 9137177489543616837

3811 terff the Covert (level 10, -4/63 (68) HPs)
             Began as an Octopode Brigand on Mar 21, 2022.
             Was a Believer of Dithmenos.
             Killed from afar by an electric eel (13 damage)
             ... with a bolt of electricity
             ... on level 8 of the Dungeon.
             The game lasted 00:25:25 (8420 turns).

terff the Covert (Octopode Brigand)                 Turns: 8420, Time: 00:25:25

HP:   -4/63 (68)    AC:  1    Str: 11    XL:     10   Next: 17%
MP:   10/10         EV: 16    Int: 14    God:    Dithmenos [**....]
Gold: 555           SH:  0    Dex: 17    Spells: 9/9 levels left

rFire   . . .      SeeInvis .   f - +3 dagger (drain)
rCold   . . .      Faith    .   (no shield)
rNeg    . . .      Spirit   .   (helmet restricted)
rPois   .          Reflect  .   g - amulet of regeneration
rElec   .          Harm     .   (no ring)
rCorr   .          Rampage  .   (no ring)
Will    .....                   (no ring)
Stlth   ++++++++..              (no ring)
HPRegen 1.00/turn               (no ring)
MPRegen 0.12/turn               (no ring)
                                (no ring)
                                (no ring)

@: wreathed by umbra, drained
A: almost no armour, amphibious, 8 rings, camouflage 1, gelatinous body 1,
(nimble swimmer 1), tentacles
a: Renounce Religion, Shadow Step


You were on level 8 of the Dungeon.
You worshipped Dithmenos.
Dithmenos was pleased with you.
You visited 2 branches of the dungeon, and saw 9 of its levels.
You also visited: Sewer.

You collected 555 gold pieces.

Inventory:

Hand Weapons
 a - a +2 dagger
 f - a +3 dagger of draining (weapon)
Missiles
 b - 8 poisoned darts (quivered)
 c - 2 curare-tipped darts
Armour
 w - an orb of energy
Jewellery
 g - an amulet of regeneration (around mantle)
Wands
 j - a wand of iceblast (8)
 m - a wand of polymorph (10)
 p - a wand of flame (31)
Scrolls
 o - a scroll of enchant weapon
 v - 4 scrolls of amnesia
 x - a scroll of magic mapping
 y - 3 scrolls of vulnerability {unknown}
 z - 2 scrolls of teleportation {unknown}
Potions
 d - 3 potions of degeneration
 e - a potion of magic {unknown}
 h - a potion of resistance
 i - 3 potions of cancellation {unknown}
 k - 2 potions of lignification {unknown}
 l - 4 potions of curing
 n - a potion of attraction {unknown}
 q - 3 potions of heal wounds
 r - a potion of haste {unknown}
 s - a potion of mutation {unknown}
 t - a potion of brilliance {unknown}
 u - a potion of flight {unknown}


   Skills:
 + Level 6.0 Fighting
 + Level 8.4 Short Blades
 + Level 2.2 Throwing
 + Level 5.9 Dodging
 + Level 13.0 Stealth
 + Level 0.1 Evocations


You had 9 spell levels left.
You didn't know any spells.
Your spell library contained the following spells:

 Spells                   Type           Power      Damage    Failure   Level
 Static Discharge         Conj/Air       0%         N/A       41%         2
 Tukima's Dance           Hex            0%         N/A       65%         3
 Passage of Golubria      Tloc           0%         N/A       96%         4
 Blade Hands              Tmut           0%         N/A       100%        5
 Irradiate                Conj/Tmut      0%         3d13      100%        5
 Iskenderun's Battlesphe  Conj           0%         2d6       100%        5
 Lightning Bolt           Conj/Air       0%         1d11      100%        5
 Silence                  Hex/Air        0%         N/A       100%        5
 Yara's Violent Unravell  Hex/Tmut       0%         3d3       100%        5
 Iron Shot                Conj/Erth      0%         9d1       100%        6
 Dragon Form              Tmut           0%         N/A       100%        7
 Spellforged Servitor     Conj/Summ      0%         N/A       100%        7
 Lehudib's Crystal Spear  Conj/Erth      0%         10d2      100%        8
 Maxwell's Capacitive Co  Air            0%         ∞         100%        8


Dungeon Overview and Level Annotations

Branches:
Dungeon (8/15)             Temple (1/1) D:5           Sewer (visited)
   Lair: D:8-11

Altars:
Ashenzari
Cheibriados
Dithmenos
Elyvilon
Fedhas
Gozag
Hepliaklqana
Kikubaaqudgha
Makhleb
Okawaru
Qazlal
Ru
Sif Muna
Trog
Uskayaw
Vehumet
Wu Jian
Xom
Yredelemnul
Zin
The Shining One
Beogh

Shops:
D:4 [   D:7 [

Annotations:
D:8 1 transporter


Innate Abilities, Weirdness & Mutations

You cannot wear most types of armour.
You are amphibious.
You can wear up to eight rings at the same time.
Your skin changes colour to match your surroundings (Stealth+).
Your rubbery body absorbs attacks. (AC +1, EV +1)
((You are camouflaged when in or above water. (Stealth+)))
You have tentacles for arms and can constrict up to eight enemies at once.


Message History

There is a stone staircase leading up here.
There is a stone staircase leading up here.
There is an open door here.
Things that are here:
a +3 falchion of freezing; a +0 robe
There is an open door here.
There is an open door here.
There is an open door here.
You see here a +0 spear.
You open the door.
There is an open door here.
Partly explored, unvisited transporter.
There is an open door here.
You see here a +0 club.
There is an open door here.
There is a transporter landing site here.
Things that are here:
a +0 robe; a +1 whip of electrocution
Press: ? - help, v - describe, . - travel
Here: an electric eel (umbra, fire blocked by a translucent stone wall) Some shallow water.
There is a transporter here.
You enter the transporter and appear at another place.
p - a wand of flame (31) (gained 10 charges)
There are no items here.
You open the door.
The electric eel shoots out a bolt of lightning at you!
The bolt of electricity hits you! x2
There is an open door here.
The electric eel shoots out a bolt of lightning at you!
The bolt of electricity hits you!
The bolt of electricity hits the electric eel.
The electric eel completely resists.
The bolt of electricity hits the electric eel.
The electric eel completely resists.
The electric eel shoots out a bolt of lightning at you!
The bolt of electricity hits you!
* * * LOW HITPOINT WARNING * * *
The bolt of electricity hits you!
You die...

.................##'#############
.................#........#
...............(..........#
................©.........#
........)....#######......#
.............#8.©.8#.##'###
...##'###....#P...P#......#####
####....#....###'###......#...##
#.....#....#S.@.S#...........#
#.....#....#≈...S#...........#
##...##....#≈...≈#.....##....#
###....#.....#≈.⌠.≈#.############
..#....#.....#≈...≈#.....#.......
.......#.....#≈...≈#.....#.......
.......#.....#≈?..≈#.....#.......
.......#.....###+###.....'...)...
.#######.....#P.=.P#[.####.......


You could see 3 electric eels.

Vanquished Creatures
  Pikel (D:4)
  A troll (D:8)
  Grinder (D:3)
  A wyvern (D:8)
  4 yaks
  A water moccasin (D:8)
  A sky beast (D:5)
  2 orc warriors
  Pargi (Sewer)
  An ice beast (D:7)
  A black bear (D:7)
  2 ogres
  2 centaurs
  A phantom (D:5)
  2 lemures (D:4)
  A bullfrog (D:6)
  A scorpion (D:6)
  3 wights (D:8)
  2 howler monkeys
  A bullfrog zombie (D:5)
  2 hounds (D:5)
  A centaur skeleton (D:5)
  2 gnoll shamans
  4 orc priests
  Ijyb (D:3)
  Natasha (thrice) (D:4)
  3 orc wizards (D:7)
  A hound skeleton (D:4)
  7 adders
  12 gnolls
  A howler monkey skeleton (D:6)
  2 white imps (D:8)
  An adder skeleton (D:4)
  A worm (D:2)
  A dart slug (D:4)
  38 orcs
  2 bats (D:1)
  6 endoplasms
  7 giant cockroaches
  8 hobgoblins
  3 jackals (Sewer)
  3 kobolds
  5 quokkas
  7 ball pythons
  5 goblins
  6 rats
162 creatures vanquished.

Vanquished Creatures (others)
  A plant (D:1)
1 creature vanquished.

Grand Total: 163 creatures vanquished

Notes
Turn   | Place    | Note
-------+----------+-------------------------------------------
     0 | D:1      | terff the Octopode Brigand began the quest for the Orb.
     0 | D:1      | Reached XP level 1. HP: 14/14 MP: 1/1
   404 | D:1      | Reached skill level 6 in Stealth
   404 | D:1      | Reached XP level 2. HP: 12/19 MP: 2/2
   919 | D:1      | Found a faded altar of an unknown god.
  1380 | D:2      | Reached XP level 3. HP: 24/24 MP: 3/3
  1628 | D:2      | Reached skill level 7 in Stealth
  1718 | D:2      | Reached XP level 4. HP: 29/29 MP: 4/4
  1887 | D:3      | Noticed Ijyb
  1899 | D:3      | Killed Ijyb
  2274 | D:3      | Reached skill level 8 in Stealth
  2274 | D:3      | Reached XP level 5. HP: 18/34 MP: 5/5
  2494 | D:3      | Noticed Grinder
  2499 | D:3      | Paralysed by Grinder for 5 turns
  2518 | D:3      | Paralysed by Grinder for 2 turns
  2554 | D:3      | Paralysed by Grinder for 7 turns
  2565 | D:3      | Killed Grinder
  2566 | D:3      | Reached skill level 9 in Stealth
  2566 | D:3      | Reached XP level 6. HP: 27/41 MP: 6/6
  2951 | D:4      | Noticed Natasha
  2956 | D:4      | Killed Natasha
  2981 | D:4      | Found a glowing drain.
  2985 | D:4      | Noticed Natasha
  3004 | D:4      | Killed Natasha
  3026 | Sewer    | Entered a sewer
  3098 | Sewer    | Noticed Pargi
  3132 | Sewer    | Killed Pargi
  3133 | Sewer    | Reached XP level 7. HP: 27/45 MP: 7/7
  3276 | D:4      | Noticed Pikel
  3329 | D:5      | Entered Level 5 of the Dungeon
  3384 | D:4      | Killed Pikel
  3385 | D:4      | Reached skill level 5 in Short Blades
  3385 | D:4      | Reached skill level 10 in Stealth
  3385 | D:4      | Reached XP level 8. HP: 31/54 MP: 8/8
  3559 | D:4      | Found Esat's Armour Boutique.
  3745 | D:4      | Noticed Natasha
  3751 | D:4      | Killed Natasha
  4008 | D:5      | Found a staircase to the Ecumenical Temple.
  4018 | Temple   | Entered the Ecumenical Temple
  4149 | Temple   | Became a worshipper of Dithmenos the Shadowed
  4898 | D:5      | You fall into a shaft and drop 1 floor!
  5552 | D:6      | Reached skill level 11 in Stealth
  5632 | D:6      | Reached XP level 9. HP: 18/59 MP: 9/9
  6503 | D:7      | Found Putz's Antique Armour Shop.
  6705 | D:7      | Reached * piety under Dithmenos
  6950 | D:8      | Found a transporter.
  7085 | D:8      | Reached skill level 5 in Dodging
  7129 | D:8      | Reached skill level 5 in Fighting
  7129 | D:8      | Reached skill level 12 in Stealth
  7174 | D:8      | Found a transporter.
  7297 | D:8      | Noticed a troll
  7297 | D:8      | a yak changed into a troll
  7531 | D:8      | Killed a troll
  7532 | D:8      | Reached XP level 10. HP: 20/66 MP: 10/10
  7929 | D:8      | Reached ** piety under Dithmenos
  7997 | D:8      | Reached skill level 13 in Stealth
  8420 | D:8      | Killed from afar by an electric eel

Illustrated notes

Levels and vault maps discovered:
D:1:      dpeg_arrival_houses_and_road, layout_basic,
          shapermc_ecumenical_altar_ellora
D:2:      layout_basic
D:3:      layout_basic, uniq_ijyb, uniq_grinder
D:4:      layout_basic, portal_sewer_entry_a, serial_shops, shop_fountains,
          corexii_checkpoint_a, uniq_pikel, uniq_natasha
D:5:      layout_layer_cave, minmay_temple_entry_slanted
D:6:      layout_rooms
D:7:      layout_loops_ring, serial_shops, shop
D:8:      gammafunk_steamed_eel, layout_gridville, special_room
          [special_room_orc]
Temple:   mainiacjoe_temple_trianglar_array

Skill      XL: |  1  2  3  4  5  6  7  8  9 10 |
---------------+-------------------------------+-----
Stealth        | 6 7 8 9 10 11 12 13 | 13.0
Short Blades   | 3 4 5 6 8 |  8.4
Fighting       | 3 4 5 6 |  6.0
Dodging        | 3 4 5 |  5.9
Throwing       | |  2.2
Evocations     | |  0.1

Action                   |  1- 3 |  4- 6 |  7- 9 | 10-12 || total
-------------------------+-------+-------+-------+-------++-------
Melee: Dagger            |    42 |   100 |   260 |   101 ||   503
       Constrict         |     6 |    21 |    36 |    22 ||    85
       Tentacles         |     7 |    20 |    81 |    26 ||   134
       Punch             |     1 |     3 |     5 |     1 ||    10
Evoke: Wand              |       |       |     1 |       ||     1
  Use: Scroll            |     2 |     5 |     6 |       ||    13
 Stab: Sleeping          |    13 |    15 |     9 |       ||    37
       Distracted        |       |       |     1 |       ||     1
Armor: Skin              |     3 |     3 |     9 |       ||    15
Dodge: Dodged            |    19 |    57 |   167 |    58 ||   301
